 Dungeon Crawl Stone Soup version 0.16.1-18-g436b03c (webtiles) character file.

1833 hannobal the Stinger (level 8, -8/63 HPs)
             Began as a Purple Draconian Venom Mage on May 9, 2015.
             Was an Initiate of Ashenzari.
             Killed from afar by a steam dragon (13 damage)
             ... with a ball of steam
             ... on level 7 of the Dungeon.
             The game lasted 00:44:37 (8223 turns).

hannobal the Stinger (Purple Draconian Venom Mage)  Turns: 8223, Time: 00:44:38

Health: -8/63      AC:  8    Str:  8    XL:     8   Next: 86%
Magic:  20/20      EV: 12    Int: 19    God:    Ashenzari [......]
Gold:   102        SH:  0    Dex: 15    Spells: 5 memorised, 2 levels left

rFire  . . .     SeeInvis .     a - +5 trident "Schokail" {pierce, rElec Str-3 Int+2 Dex+3 Stlth+} (curse)
rCold  . . .     Clarity  .     (armour unavailable)
rNeg   . . .     SustAb   .     (no shield)
rPois  .         Gourm    .     (helmet restricted)
rElec  +         Spirit   .     (no cloak)
rCorr  .         Warding  .     K - +0 pair of gloves (curse)
rMut   .         Stasis   .     q - +0 pair of boots (curse)
MR     +++..                    (no amulet)
Stlth  +++.......               v - ring of protection from magic
                                g - ring of protection from magic (curse)

@: extremely resistant to hostile enchantments, fairly stealthy
A: breathe power, unfitting armour, big wings, talons 1, cold-blooded, AC +6
a: Breathe Dispelling Energy, Fly, Renounce Religion


You were on level 7 of the Dungeon.
You worshipped Ashenzari.
Ashenzari was noncommittal.
You were hungry.

You visited 2 branches of the dungeon, and saw 8 of its levels.

You collected 333 gold pieces.
You spent 231 gold pieces at shops.

Inventory:

Hand weapons
 a - the cursed +5 trident "Schokail" (weapon) {pierce, rElec Str-3 Int+2 Dex+3 Stlth+}
   (You found it on level 6 of the Dungeon)

   It inflicts extra damage upon your enemies.
   It affects your strength (-3).
   It affects your intelligence (+2).
   It affects your dexterity (+3).
   It insulates you from electricity.
   It makes you more stealthy.
   It has a curse placed upon it.
 b - a +3 whip of flaming
 f - a +0 halberd
 u - a +0 hunting sling
 x - a +1 flail of protection
 z - a +0 spear
Missiles
 d - 11 arrows of flame
 e - 11 tomahawks (quivered)
 m - a throwing net
 n - 14 bolts of frost
 p - 16 poisoned needles
 s - 13 bolts
 y - 226 stones
Armour
 q - a cursed +0 pair of boots (worn)
 K - a cursed +0 pair of gloves (worn)
Jewellery
 g - a cursed ring of protection from magic (left hand)
 v - a ring of protection from magic (right hand)
Magical devices
 l - a wand of digging (15)
 o - a wand of paralysis (13)
 G - a wand of fireball (3)
 H - a wand of draining (5)
Scrolls
 i - 6 scrolls of identify
 j - 2 scrolls of enchant weapon
 k - a scroll of recharging
 r - a scroll of curse armour
 A - a scroll of amnesia
 E - a scroll of teleportation
 F - a scroll of vulnerability
 L - a scroll of curse weapon
 M - a scroll of remove curse
Potions
 h - a potion of flight
 t - a potion of might
 J - a potion of agility
Books
 B - a Young Poisoner's Handbook

   Spells                             Type                      Level
   a - Sting                          Conjuration/Poison           1
   b - Cure Poison                    Poison                       2
   c - Mephitic Cloud                 Conjuration/Poison/Air       3
   d - Olgreb's Toxic Radiance        Poison                       4
   e - Venom Bolt                     Conjuration/Poison           5
Comestibles
 c - 3 bread rations
 w - a meat ration
 D - 3 beef jerkies


   Skills:
 - Level 3.0 Fighting
 - Level 2.2 Maces & Flails
 - Level 4.1 Polearms
 - Level 2.0 Dodging
 - Level 1.7 Stealth
 - Level 5.0 Spellcasting
 - Level 6.0 Conjurations
 - Level 3.5 Air Magic
 + Level 6.5 Poison Magic


You had 2 spell levels left.
You knew the following spells:

 Your Spells              Type           Power        Failure   Level  Hunger
a - Sting                 Conj/Pois      ####         1%          1    None
c - Cure Poison           Pois           ####......   1%          2    #......
d - Venom Bolt            Conj/Pois      ####......   28%         5    ######.
m - Mephitic Cloud        Conj/Pois/Air  ####....     4%          3    ##.....
r - Olgreb's Toxic Radia  Pois           ####....     12%         4    ####...


Dungeon Overview and Level Annotations

Branches:
Dungeon (7/15)             Temple (1/1) D:7

Altars:
Ashenzari
Cheibriados
Dithmenos
Elyvilon
Fedhas
Gozag
Kikubaaqudgha
Makhleb
Nemelex Xobeh
Okawaru
Ru
Sif Muna
Trog
Vehumet
Xom
Yredelemnul
Zin
The Shining One

Shops:
D:6 ?

Annotations:
D:4 EmilioHeskey's ghost, average DrBe


Innate Abilities, Weirdness & Mutations

You can breathe bolts of energy.
You can dispel enchantments when you breathe energy.
Your rich purple scales are hard (AC +6).
Your body does not fit into most forms of armour.
Your cold-blooded metabolism reacts poorly to cold.
Your wings are large and strong.
You have sharp toenails.


Message History

The steam dragon is heavily wounded.
The giant frog closely misses you. The steam dragon closely misses you.
The steam dragon closely misses you.
The giant frog hits you but does no damage.
The steam dragon bites you!
The steam dragon claws you but does no damage.
The giant frog hits you!
The orc priest calls down the wrath of Beogh upon you.
Something smites you! The steam dragon breathes steam at you.
The ball of steam hits you!
* * * LOW HITPOINT WARNING * * *
Read which item? (? for menu, Esc to quit)
As you read the scroll of fog, it crumbles to dust.
The scroll dissolves into smoke.
The giant frog is engulfed in a cloud of scalding steam.
The giant frog barely misses you. The steam dragon breathes steam at you.
The ball of steam hits you!
You die...

..# #............. #.##
#...#.#........ .## ###..#
#..#.#.#....... ..## o#...###
#.#.#.#.#...... #...
.o.....####..#.>.#......###..
##...#...##.#.#.#.#......##.#
#..####....o#§#§#§......##.#
#..# #..o..o#§#§§.........#
##.## #......oF@§§.........##
# #..#
##.....§D####.........####
#..# ##......§§#
##.....#...g..
..#####.........#
#....######..
..###........#..## #.÷.## #..
............##...# #<..# #..
##.........).#...## #..## #..
#...######..#....###>.# #.#
#....## ##............# ..#


You could see a steam dragon, an orc warrior, a giant frog, an orc priest and 2
orcs.

Vanquished Creatures
  Prince Ribbit (D:5)
  2 black bears (D:6)
  2 sky beasts
  4 ogres
  A phantom (D:7)
  A giant frog (D:6)
  A scorpion (D:6)
  A hound (D:6)
  3 crimson imps
  An orc wizard (D:5)
  A jelly (D:6)
  A centaur skeleton (D:7)
  4 iguanas
  A gnoll shaman (D:5)
  4 worker ants
  8 gnolls
  6 adders
  A shadow imp (D:5)
  An adder zombie (D:7)
  8 giant geckos
  An ooze (D:3)
  6 orcs
  3 ball pythons
  2 bat skeletons (D:4)
  4 giant cockroaches
  18 goblins
  7 hobgoblins
  3 jackals
  11 kobolds
  3 quokkas
  11 bats
  9 giant newts
  A jackal skeleton (D:5)
  18 rats
149 creatures vanquished.

Notes
Turn   | Place    | Note
--------------------------------------------------------------
     0 | D:1      | hannobal, the Draconian Venom Mage, began the quest for the Orb.
     0 | D:1      | Reached XP level 1. HP: 14/14 MP: 3/3
   249 | D:1      | Reached XP level 2. HP: 18/20 MP: 0/4
   253 | D:1      | Learned a level 2 spell: Cure Poison
   579 | D:1      | Reached skill level 1 in Conjurations
   837 | D:1      | Reached XP level 3. HP: 26/26 MP: 4/6
  1101 | D:1      | Learned a level 3 spell: Mephitic Cloud
  1308 | D:2      | Reached skill level 1 in Air Magic
  1838 | D:2      | Reached skill level 1 in Fighting
  1861 | D:2      | Reached XP level 4. HP: 35/35 MP: 3/7
  1991 | D:2      | Found a blossoming altar of Fedhas.
  2005 | D:2      | Gained mutation: You have sharp toenails. [potion of mutation]
  2005 | D:2      | Gained mutation: Your wings are large and strong. [potion of mutation]
  2777 | D:3      | Found a bloodstained altar of Trog.
  3234 | D:4      | Noticed EmilioHeskey's ghost (average DrBe)
  3794 | D:4      | Reached XP level 5. HP: 37/40 MP: 3/9
  3892 | D:4      | Noticed an ogre
  3910 | D:4      | Killed an ogre
  4013 | D:4      | Found an ancient bone altar of Kikubaaqudgha.
  4140 | D:4      | Reached skill level 5 in Conjurations
  4140 | D:4      | Reached XP level 6. HP: 47/47 MP: 1/10
  4431 | D:5      | Entered Level 5 of the Dungeon
  4802 | D:5      | Reached skill level 5 in Poison Magic
  5278 | D:5      | Your scales start taking on a rich purple colour.
  5278 | D:5      | Reached XP level 7. HP: 52/52 MP: 12/18
  5335 | D:5      | Reached skill level 5 in Spellcasting
  5377 | D:5      | Found a glowing golden altar of the Shining One.
  5394 | D:5      | Became a worshipper of the Shining One
  5459 | D:5      | Was placed under penance by the Shining One
  5460 | D:5      | Fell from the grace of the Shining One
  5968 | D:5      | Noticed Prince Ribbit
  5980 | D:5      | Killed Prince Ribbit
  6331 | D:5      | Reached XP level 8. HP: 29/63 MP: 3/20
  6527 | D:6      | Found a shimmering altar of Xom.
  6529 | D:6      | Found a sparkling altar of Nemelex Xobeh.
  6663 | D:6      | Reached skill level 6 in Conjurations
  6673 | D:6      | Learned a level 4 spell: Olgreb's Toxic Radiance
  6679 | D:6      | Learned a level 5 spell: Venom Bolt
  6887 | D:6      | Found Mnefrud's Magic Scroll Emporium.
  6896 | D:6      | Bought a scroll of identify for 28 gold pieces
  6896 | D:6      | Bought a scroll of identify for 28 gold pieces
  6896 | D:6      | Bought a scroll of identify for 28 gold pieces
  6896 | D:6      | Bought a scroll of teleportation for 42 gold pieces
  6896 | D:6      | Bought a scroll of vulnerability for 105 gold pieces
  6926 | D:6      | Got a fine trident
  6927 | D:6      | Identified the +5 trident "Schokail" {pierce, rElec Str-3 Int+2 Dex+3 Stlth+} (You found it on level 6 of the Dungeon)
  6957 | D:6      | Reached skill level 1 in Polearms
  7830 | D:7      | Found a staircase to the Ecumenical Temple.
  7839 | Temple   | Entered the Ecumenical Temple
  8051 | Temple   | Became a worshipper of Ashenzari the Shackled
  8223 | D:7      | Killed from afar by a steam dragon

Action                   |  1- 3 |  4- 6 |  7- 9 || total
-------------------------+-------+-------+-------++-------
Melee: Unarmed           |     4 |       |       ||     4
       Whip              |    31 |    44 |    15 ||    90
       Trident           |       |       |    23 ||    23
Throw: Stone             |       |     4 |       ||     4
       Tomahawk          |       |       |     1 ||     1
 Cast: Sting             |    76 |   141 |   183 ||   400
       Cure Poison       |     1 |       |       ||     1
Invok: Renounce Religion |       |       |     1 ||     1
 Abil: Fly               |       |     1 |       ||     1
  Use: Scroll            |     7 |     6 |     8 ||    21
       Potion            |     2 |     1 |       ||     3
 Stab: Sleeping          |       |       |     1 ||     1
  Eat: Chunk             |     4 |    12 |     9 ||    25
